Map: Taito Citadel LE

Players

SCIInewby - Winner!

  • Race: Protoss Protoss
  • League: Master
  • Spawn Location: 11:00

vvv

  • Race: Terran Terran
  • League: Master
  • Spawn Location: 5:00

VOD

Have the link to the VOD?

Description

Time

  • Played on: Feb. 5, 2026, 8:58 p.m.
  • Length: 9:15
Show
View Real Time Build Order
Export as new Build Order

SCIInewby Protoss - Winner!

Build Orders: 1 Gate Expand 

Get SALT Encoding   

  12  0:01  Probe  
  13  0:13  Probe  
  14  0:21  Pylon  
  14  0:25  Probe  
  15  0:39  Probe  
  15  0:40  Gateway  
  16  0:51  Probe  
  17  1:03  Probe  
  18  1:14  Pylon  
  18  1:24  Nexus  
  18  1:27  Probe  
  19  1:39  Probe  
  20  1:47  Forge  
  20  2:03  Pylon  
  20  2:06  Assimilator  
  20  2:21  Photon Cannon  
  20  2:25  Pylon  
  20  2:34  Pylon  
  20  2:40  Probe x2  
  22  2:50  Cybernetics Core  
  22  2:52  Probe  
  22  2:54  Pylon, Zealot  
  22  2:57  Probe  
  25  3:01  Photon Cannon  
  26  3:06  Assimilator  
  26  3:08  Probe x2  
  28  3:14  Warp Gate  
  28  3:18  Probe  
  28  3:25  Probe  
  28  3:26  Photon Cannon  
  30  3:46  Gateway  
  30  3:47  Gateway  
  30  3:52  Probe  
  30  3:53  Probe  
  30  4:01  Probe x2  
  34  4:10  Probe x2  
  34  4:11  Assimilator  
  34  4:14  Photon Cannon  
  36  4:22  Probe x2  
  38  4:32  Twilight Council  
  38  4:34  Protoss Ground Weapons Level 1, Probe  
  38  4:35  Probe  
  38  4:37  Robotics Facility  
  40  4:43  Gateway  
  40  4:45  Pylon  
  40  4:46  Pylon  
  40  4:51  Probe x2  
  42  5:04  Zealot x2  
  42  5:05  Charge, Zealot  
  47  5:31  Immortal  
  47  5:35  Zealot x3  
  57  5:39  Zealot  
  57  5:42  Probe x2  
  61  5:52  Gateway  
  61  5:54  Gateway  
  61  5:55  Gateway  
  61  6:03  Gateway  
  61  6:06  Pylon  
  61  6:10  Zealot  
  63  6:14  Stalker x2  
  63  6:16  Zealot  
  69  6:35  Immortal  
  73  6:40  Pylon  
  73  6:47  Assimilator  
  73  6:49  Zealot  
  73  6:50  Zealot x3  
  73  6:53  Zealot  
  73  6:54  Zealot x2  
  79  7:19  Zealot x4  
  79  7:20  Zealot x3  
  87  7:40  Zealot  
  87  7:41  Zealot x5  
  85  7:54  Zealot  
  87  8:19  Zealot x2  
  91  8:20  Zealot x5  
  101  9:02  Probe x2  
  103  9:08  Nexus  
Show
View Real Time Build Order
Export as new Build Order

vvv Terran 

Build Orders: Command Center First 

Get SALT Encoding   

  12  0:03  SCV  
  13  0:16  Supply Depot  
  13  0:18  SCV  
  14  0:34  SCV, Engineering Bay  
  15  0:44  Refinery  
  15  0:48  Refinery  
  15  0:56  SCV  
  16  1:18  SCV  
  17  1:55  Command Center  
  17  2:08  SCV  
  18  2:21  SCV  
  19  2:36  Barracks  
  20  2:44  Planetary Fortress  
  19  3:10  Planetary Fortress  
  19  3:32  Factory  
  20  3:41  SCV  
  20  3:51  Barracks Tech Lab  
  20  3:52  Hi-Sec Auto Tracking  
  20  3:53  SCV  
  21  3:58  Engineering Bay  
  21  4:13  Concussive Shells  
  21  4:15  Marauder  
  23  4:18  Factory Tech Lab  
  23  4:32  SCV  
  23  4:34  SCV  
  25  4:42  Marauder  
  25  4:44  SCV  
  28  4:46  SCV  
  28  4:49  Supply Depot  
  29  5:00  SCV  
  29  5:06  Refinery  
  30  5:08  Refinery  
  30  5:20  Siege Tank  
  33  5:39  Marine  
  34  5:57  Marine  
  35  6:10  SCV  
  36  6:22  SCV  
  37  6:33  Missile Turret  
  37  6:43  Missile Turret  
  37  6:48  SCV  
  37  6:52  SCV  
  39  7:01  SCV  
  39  7:04  SCV  
  39  7:07  Command Center  
  16  7:48  Factory Tech Lab  
  1  8:44  Supply Depot  
Tags
 
Add a new tag
Caveats
  • Supply blocks, unpowered buildings, or Contaminate may cause inaccurate times.
  • Supply counts are checked every 10 seconds.